 Dungeon Crawl Stone Soup version 0.28-a0-1087-gf3fc490d9d (webtiles) character file.

Game seed: 13083513898797519343

53 spaghetti the Skirmisher (level 3, -2/24 HPs)
             Began as an Octopode Chaos Knight on Dec 10, 2021.
             Was a Plaything of Xom.
             Slain by Terence (7 damage)
             ... on level 2 of the Dungeon.
             The game lasted 00:02:27 (1905 turns).

spaghetti the Skirmisher (Octopode Chaos Knight)    Turns: 1905, Time: 00:02:28

Health: -2/24      AC:  1    Str: 10 (11) XL:     3   Next: 87%
Magic:  3/3        EV: 13    Int: 16      God:    Xom [*.....]
Gold:   63         SH:  0    Dex: 11      Spells: 2/2 levels left

rFire   . . .      SeeInvis .   a - +0 spear (chaos)
rCold   . . .      Faith    .   (no shield)
rNeg    . . .      Spirit   .   (helmet restricted)
rPois   .          Reflect  .   (no amulet)
rElec   .          Harm     .   (no ring)
rCorr   .          Rampage  .   (no ring)
Will    .....      Rage     1%  (no ring)
Stlth   ++........              (no ring)
HPRegen 0.08/turn               (no ring)
MPRegen 0.08/turn               (no ring)
                                (no ring)
                                (no ring)

@: no status effects
A: almost no armour, amphibious, 8 rings, camouflage 1, gelatinous body 1,
(nimble swimmer 1), tentacles, berserk 1, frail 1
a: Renounce Religion


You were on level 2 of the Dungeon.
You worshipped Xom.
You were a special plaything of Xom.
You visited 1 branch of the dungeon, and saw 2 of its levels.

You collected 63 gold pieces.

Inventory:

Hand Weapons
 a - a +0 spear of chaos (weapon)
Scrolls
 e - a scroll of noise {unknown}
 g - a scroll of silence {unknown}
 h - a scroll of vulnerability {unknown}
 i - a scroll of identify {unknown}
Potions
 b - 3 potions of lignification {unknown}
 c - a potion of might {unknown}
 d - 2 potions of haste
 f - a potion of flight {unknown}


   Skills:
 + Level 4.7 Fighting
 - Level 3.0 Polearms
 - Level 2.3 Dodging


You had 2 spell levels left.
You didn't know any spells.
Your spell library was empty.

Dungeon Overview and Level Annotations

Branches:
Dungeon (2/15)

Altars:
Hepliaklqana

Shops:
D:2 (

Annotations:
D:2 Terence


Innate Abilities, Weirdness & Mutations

You cannot wear most types of armour.
You are amphibious.
You can wear up to eight rings at the same time.
Your skin changes colour to match your surroundings (Stealth+).
Your rubbery body absorbs attacks. (AC +1, EV +1)
((You are camouflaged near water. (Stealth+)))
You have tentacles for arms and can constrict up to eight enemies at once.
You tend to lose your temper in combat.
You are frail. (-10% HP)


Message History

No target in view!
No target in view!
No target in view!
No target in view!
You start waiting.
Done waiting.
You climb downwards.
Level annotation: Terence Terence closely misses you.
There is a stone staircase leading up here.
You barely miss Terence. You grab Terence. You squeeze Terence.
Terence is lightly wounded.
You constrict Terence, but do no damage.
Terence barely misses you.
You hit Terence. You burn Terence.
Terence is moderately wounded.
You constrict Terence.
Terence hits you with a +2 mace of protection.
You hit Terence. You burn Terence.
Terence is heavily wounded.
You constrict Terence, but do no damage.
An adder comes into view.
Terence hits you with a +2 mace of protection!
A shower of butterflies erupts from you!
The adder hisses angrily.
You hit Terence. You freeze Terence.
Terence is severely wounded.
You constrict Terence.
Terence seems less drained.
Terence hits you with a +2 mace of protection!
* * * LOW HITPOINT WARNING * * *
You emit a cloud of colourful smoke!
You hit Terence but do no damage.
Terence is severely wounded.
You constrict Terence, but do no damage.
Terence barely misses you.
You hit Terence.
Terence is almost dead.
You constrict Terence, but do no damage.
Terence hits you with a +2 mace of protection!
You die...

......#..[..#.#.....###.# #....
#.....#...###..##.#..#..# #....
..##............#.##.#.## ##...
####..........#...##†#.# ##..
####..............##...#########.
.....#.......####.###............
...........b..###.##...)....####.
................@§.........## ..
................@....#...........
...............S#§..........##
..............#......#........
..............#...b..........#
............g.#............#..
........................
........>..#.......#.
)######@####........
.#.######.####........


You could see Terence (ally target) and an adder.

Vanquished Creatures
  An adder (D:2)
  2 dart slugs (D:1)
  A ball python (D:2)
  4 endoplasms
  7 giant cockroaches (D:2)
  A goblin (D:1)
  3 hobgoblins (D:1)
  4 jackals (D:1)
  2 quokkas (D:2)
  5 bats
  A frilled lizard (D:1)
  A kobold (D:1)
  A rat (D:2)
33 creatures vanquished.

Notes
Turn   | Place    | Note
-------+----------+-------------------------------------------
     0 | D:1      | spaghetti the Octopode Chaos Knight began the quest for the
                  | Orb.
     0 | D:1      | Reached XP level 1. HP: 16/16 MP: 1/1
   166 | D:1      | Reached XP level 2. HP: 16/21 MP: 2/2
   266 | D:1      | XOM: divination: detect creatures
   411 | D:1      | XOM: silly message
   639 | D:1      | Reached skill level 4 in Fighting
   868 | D:1      | Reached XP level 3. HP: 27/27 MP: 3/3
  1011 | D:2      | Found Fauhipn's Antique Weapon Shoppe.
  1141 | D:2      | XOM: 1-stop teleportation journey
  1492 | D:2      | Found a hazy altar of Hepliaklqana.
  1493 | D:2      | Noticed Terence
  1501 | D:2      | HP: 1/27 [hobgoblin (3)]
  1611 | D:1      | XOM: give mutations
  1611 | D:1      | Gained mutation: You are frail. (-10% HP) [Xom's mischief]
  1611 | D:1      | Gained mutation: You tend to lose your temper in combat.
                  | [Xom's mischief]
  1770 | D:1      | XOM: stat loss: -1 Str (10/11)
  1902 | D:2      | XOM: butterfly on damage
  1903 | D:2      | XOM: smoke on damage
  1905 | D:2      | Slain by Terence

Illustrated notes

Levels and vault maps discovered:
D:1:      wander_arrival_desolate, layout_loops_ring
D:2:      layout_rooms, basic_altar, serial_shops, shop_statue,
          minmay_worlds_worst_comb, uniq_natasha, uniq_terence

Skill      XL: |  1  2 |
---------------+-------+-----
Fighting       | 4 |  4.7
Polearms       | |  3.0
Dodging        | |  2.3

Action                   || total
-------------------------++-------
Melee: Spear             ||    89
       Constrict         ||    16
       Tentacles         ||     8
  Use: Potion            ||     1
 Stab: Sleeping          ||     8
       Paralysed         ||     1
Armor: Skin              ||     8
Dodge: Dodged            ||    44

Table legend: (Time is in decaauts)
 A = Elapsed time spent in this place.
 B = Non-inter-level travel time spent in this place.
 C = Inter-level travel time spent in this place.
 D = Time resting spent in this place.
 E = Time spent auto-exploring this place.
 F = Levels seen in this place.
 G = Mean time per level.
                   A        B        C        D        E       F      G
               +--------+--------+--------+--------+--------+-----+--------+
         Total |   1883 |   1855 |     28 |    984 |    658 |   2 |  941.5 |
       Dungeon |   1883 |   1855 |     28 |    984 |    658 |   2 |  941.5 |
               +--------+--------+--------+--------+--------+-----+--------+

Top non-repeatable levels by time:
     D:1: 1372 daAuts
     D:2: 510 daAuts
